 Dungeon Crawl Stone Soup version 0.31-a0-846-gb3bcc0d938 (webtiles) character file.

Game seed: 18437423697207623940

115 lunkers the Ruffian (level 5, -4/40 HPs)
             Began as a Meteoran Shapeshifter on Oct 3, 2023.
             Slain by a gnoll
             ... wielding a +0 halberd
              (13 damage)
             ... on level 4 of the Dungeon.
             The game lasted 00:04:23 (1460 turns).

lunkers the Ruffian (Meteoran Shapeshifter)         Turns: 1460, Time: 00:04:23

Health: -4/40      AC:  8    Str: 16    XL:     5   Next: 44%
Magic:  6/6        EV:  8    Int: 11    God:
Gold:   90         SH:  0    Dex: 21    Spells: 4/4 levels left

rFire   . .          .
                       - Unarmed
rCold   + . .        (no shield)
rNeg    . . .        r - +0 chain mail
rPois   .            (helmet currently unavailable)
rElec   .            (cloak currently unavailable)
rCorr   .            (gloves currently unavailable)
SInv    .            (boots currently unavailable)
Will    .....        (no amulet) Stlth
                     i - ring of protection from cold
HPRegen 0.26/turn    u - +6 ring of dexterity
MPRegen 0.10/turn

%: no passive effects
@: beast-form, glowing
A: beast (slay +2), sense surroundings 1, otherworldly, glowing, explore regen
a: Begin Untransformation


You were on level 4 of the Dungeon.
You were a hulking beast.
You visited 1 branch of the dungeon, and saw 4 of its levels.

You collected 90 gold pieces.

Inventory:

Armour
 a - a +0 animal skin
 p - a +2 pair of gloves
 r - a +0 chain mail (worn)
Jewellery
 i - a ring of protection from cold (left hand)
 u - a +6 ring of dexterity (right hand)
 v - a ring of magical power
Talismans
 c - a beast talisman (active)
 d - a flux talisman
Scrolls
 e - 2 scrolls of vulnerability
 f - 3 scrolls of identify {unknown}
 h - 2 scrolls of fear {unknown}
 k - 3 scrolls of teleportation {unknown}
 m - a scroll of blinking {unknown}
 n - 2 scrolls of revelation {unknown}
 o - a scroll of silence {unknown}
 q - a scroll of immolation {unknown}
Potions
 b - a potion of lignification
 g - 3 potions of curing
 j - 2 potions of might {unknown}
 l - 2 potions of attraction {unknown}
 s - a potion of haste {unknown}
 t - a potion of heal wounds {unknown}


   Skills:
 - Level 1.1 Fighting
 - Level 2.1 Dodging
 * Level 5.8 Unarmed Combat
 + Level 4.6 Shapeshifting


You had 4 spell levels left.
You didn't know any spells.
Your spell library contained the following spells:

 Spells                   Type           Power      Damage    Failure   Level
 Apportation              Tloc           0%         N/A       99%         1
 Shock                    Conj/Air       0%         1d3       99%         1
 Sting                    Tmut/Pois      0%         1d3       99%         1
 Jinxbite                 Hex            0%         N/A       100%        2
 Dazzling Flash           Conj/Hex       0%         N/A       100%        3
 Swiftness                Air            0%         N/A       100%        3
 Volatile Blastmotes      Fire/Tloc      0%         2d10      100%        3
 Airstrike                Air            0%         2d(0-16)  100%        4
 Petrify                  Tmut/Erth      0%         N/A       100%        4
 Alistair's Intoxication  Tmut/Pois      0%         N/A       100%        5
 Starburst                Conj/Fire      0%         6d3       100%        6
 Maxwell's Capacitive Co  Air            0%         ∞         100%        8
 Shatter                  Erth           0%         3d5*      100%        9


Dungeon Overview and Level Annotations

Branches:
Dungeon (4/15) Zot: 945
 Temple: D:4-7

Altars:


Innate Abilities, Weirdness & Mutations

You are a hulking beast.
Your limbs bulge with bestial killing power. (Slay +2)
You passively map a small area around you.
You are easily found by Zot.
You glow in the dark.
You regain HP and MP as you explore.


Message History

You struggle against the net.
The gnoll barely misses you.
You struggle against the net.
The gnoll hits you from afar with a +0 halberd.
The gnoll barely misses you.
You shred the net and break free!
The gnoll hits you with a +2 heavy flail.
The gnoll closely misses you.
The gnoll hits you from afar with a +0 spear.
* * * LOW HITPOINT WARNING * * *
You hit the gnoll.
The gnoll is lightly wounded.
The gnoll barely misses you. The gnoll hits you but does no damage.
The gnoll barely misses you.
Unknown command.
You punch the gnoll!
The gnoll is severely wounded.
The gnoll hits you from afar with a +0 halberd!
* * * LOW HITPOINT WARNING * * *
The gnoll hits you from afar with a +0 spear.
* * * LOW HITPOINT WARNING * * *
You hit the gnoll.
The gnoll is almost dead.
The gnoll hits you but does no damage.
The gnoll hits you from afar with a +0 halberd.
* * * LOW HITPOINT WARNING * * *
The gnoll barely misses you.
You hit the gnoll.
You kill the gnoll!
The gnoll hits you but does no damage. The gnoll barely misses you.
The gnoll hits you but does no damage. The gnoll hits you with a +0 spear.
* * * LOW HITPOINT WARNING * * *
Things that are here:
a +0 club; 3 stones You hit the gnoll.
The gnoll is heavily wounded.
The gnoll hits you with a +0 halberd.
* * * LOW HITPOINT WARNING * * *
It was a potion of curing.
You feel better. The gnoll closely misses you.
The gnoll hits you with a +0 halberd!
You die...

#..........)....#
#...####........#
#..#* ##.......#
#.. ,, #.......#
##. #.#.#####* *
#.# , ##...# , *
#..##).### , *
#....).# * , . ,
, ##..##h# ... ,
.####gg###.....
*#...............
####....[....###
* , #.........#
#.........#
#.........#
###########


8 You could see 2 gnolls.

Vanquished Creatures
  6 gnolls
  2 adders (D:3)
  A bat (D:2)
  6 endoplasms
  A giant cockroach (D:2)
  3 goblins
  3 hobgoblins
  7 jackals
  3 kobolds
  3 ball pythons
  2 frilled lizards (D:2)
  3 rats
40 creatures vanquished.

Notes
Turn   | Place    | Note
-------+----------+-------------------------------------------
     0 | D:1      | lunkers the Meteoran Shapeshifter began the quest for the
                  | Orb.
     0 | D:1      | Reached XP level 1. HP: 16/16 MP: 2/2
   154 | D:1      | Reached skill level 4 in Unarmed Combat
   154 | D:1      | Reached XP level 2. HP: 8/23 MP: 3/3
   339 | D:1      | Reached XP level 3. HP: 8/28 MP: 4/4
   382 | D:1      | HP: 1/28 [gnoll/+0 flail (9)]
   467 | D:2      | Reached XP level 4. HP: 29/35 MP: 5/5
   480 | D:2      | Got an engraved book
   531 | D:2      | Reached skill level 5 in Unarmed Combat
  1065 | D:3      | Reached XP level 5. HP: 40/40 MP: 6/6
  1134 | D:3      | Found a faded altar of an unknown god.
  1459 | D:4      | HP: 1/40 [gnoll/+0 halberd (2)]
  1460 | D:4      | Slain by a gnoll

Illustrated notes

Levels and vault maps discovered:
D:1:      dpeg_arrival_castle, layout_basic
D:2:      layout_loops_corners, wander_ebering_terrifying_dragon_lair
D:3:      layout_basic, shapermc_ecumenical_altar_acropolis
D:4:      layout_basic, minmay_temple_entry_statues, minivault_24,
          amethyst_killhole, minmay_close_crescents

Skill      XL: |  1  2  3  4 |
---------------+-------------+-----
Unarmed Combat | 4 5 |  5.8
Shapeshifting  | 4 |  4.6
Fighting       | |  1.1
Dodging        | |  2.1

Action                     |  1- 3 |  4- 6 || total
---------------------------+-------+-------++-------
  Melee: Unarmed           |    36 |    65 ||   101
         Punch             |     1 |     2 ||     3
    Use: Scroll            |     1 |       ||     1
         Potion            |       |     1 ||     1
 Armour: Animal skin       |    22 |    17 ||    39
         Chain mail        |       |    29 ||    29
  Dodge: Dodged            |    21 |    27 ||    48

Table legend: (Time is in decaauts)
 A = Elapsed time spent in this place.
 B = Non-inter-level travel time spent in this place.
 C = Inter-level travel time spent in this place.
 D = Time resting spent in this place.
 E = Time spent auto-exploring this place.
 F = Levels seen in this place.
 G = Mean time per level.
                   A        B        C        D        E       F      G
               +--------+--------+--------+--------+--------+-----+--------+
         Total |   1453 |   1412 |     41 |      0 |    976 |   4 |  363.2 |
       Dungeon |   1453 |   1412 |     41 |      0 |    976 |   4 |  363.2 |
               +--------+--------+--------+--------+--------+-----+--------+

Top non-repeatable levels by time:
     D:2: 481 daAuts
     D:3: 467 daAuts
     D:1: 430 daAuts
     D:4: 74 daAuts
